 Dungeon Crawl Stone Soup version 0.29-a0-557-g43b9904bd1 (webtiles) character file.

Game seed: 4766381608487753957

83252 croobank the Covert (level 15, -5/121 HPs)
             Began as a Gnoll Delver on June 8, 2022.
             Was an Initiate of Gozag.
             Shot with an arrow by Vashnia (38 damage)
             ... on level 2 of the Snake Pit.
             The game lasted 04:01:08 (34018 turns).

croobank the Covert (Gnoll Delver)                 Turns: 34018, Time: 04:01:10

Health: -5/121     AC: 18    Str: 14 (15) XL:     15   Next: 76%
Magic:  28/29      EV: 15    Int: 16      God:    Gozag
Gold:   2857       SH:  6    Dex: 13 (14) Spells: 3/34 levels left

rFire   + . .      SeeInvis .   a - +7 whip "Bolaxawn" {spect, rC+ rN+ Int+3}
rCold   + + .      Faith    .   r - +0 buckler
rNeg    + . .      Spirit   .   Y - +2 ring mail {rPois}
rPois   +          Reflect  .   Z - +0 helmet
rElec   .          Harm     .   D - scarf {rC+ rF+}
rCorr   +          Rampage  .   E - +1 pair of gloves
Will    +....                   o - +0 pair of boots
Stlth   ++++++....              W - amulet of magic regeneration
HPRegen 0.30/turn               m - +4 ring of protection
MPRegen 0.61/turn               y - ring of Vanity {Wiz rCorr Stlth+}

@: about to teleport, bribing [the Snake Pit]
A: fangs 1, strong nose, distributed training, deterioration 1
a: Renounce Religion, Potion Petition, Call Merchant, Bribe Branch


You were on level 2 of the Snake Pit.
You worshipped Gozag.
Gozag was most pleased with you.
You visited 6 branches of the dungeon, and saw 24 of its levels.

You collected 6829 gold pieces.
You spent 613 gold pieces at shops.
You paid 3359 gold pieces to Gozag.

Inventory:

Hand Weapons
 a - the +7 whip "Bolaxawn" (weapon) {spect, rC+ rN+ Int+3}
   (You took it off a goblin on level 2 of the Dungeon)

   When its wielder attacks, the weapon's spirit leaps out and strikes again.
   The spirit shares a part of any damage it takes with its wielder.
   Int:       It affects your intelligence (+3).
   rC:        It protects you from cold.
   rN:        It protects you from negative energy.
 b - the +10 hand crossbow of Slime {vorpal, Dex+2 Stlth+}
   (You acquired it on level 5 of the Dungeon)

   Any ammunition fired from it inflicts extra damage upon your enemies.
   Dex:       It affects your dexterity (+2).
   Stlth:     It makes you more stealthy.
 c - the +8 triple sword of the Extremes {vorpal, Int+3}
   (You took it off an orc on level 10 of the Dungeon)

   It inflicts extra damage upon your enemies.
   Int:       It affects your intelligence (+3).
 v - a +0 broad axe of venom
 x - a +3 whip of flaming
 B - a +6 war axe of protection
 F - a +0 vampiric trident
 H - the +4 short sword of Patterns {venom, rF+ Str+2 Dex+4}
   (You found it on level 9 of the Dungeon)

   It poisons the flesh of those it strikes.
   Str:       It affects your strength (+2).
   Dex:       It affects your dexterity (+4).
   rF:        It protects you from fire.
 J - a +2 quarterstaff of chaos
 M - a +2 eveningstar of flaming
 Q - a +1 antimagic long sword
 S - a +4 rapier of electrocution
Missiles
 L - 42 poisoned darts (quivered)
Armour
 o - a +0 pair of boots (worn)
 r - a +0 buckler (worn)
 u - the +1 ring mail "Achiotuh" {rF+++ rN++ Str-3 Slay+6}
   (You found it on level 6 of the Lair of Beasts)

   Str:       It affects your strength (-3).
   Slay:      It affects your accuracy & damage with ranged weapons and melee
   (+6).
   rF:        It renders you almost immune to fire.
   rN:        It greatly protects you from negative energy.
 D - a scarf of resistance (worn)
 E - a +1 pair of gloves (worn)
 O - a +2 leather armour of positive energy
 T - a +2 cloak of stealth
 Y - a +2 ring mail of poison resistance (worn)
 Z - a +0 helmet (worn)
Jewellery
 k - a ring of flight
 m - a +4 ring of protection (left hand)
 y - the ring of Vanity (right hand) {Wiz rCorr Stlth+}
   (You bought it in a shop on level 2 of the Orcish Mines)

   [ring of wizardry]

   It improves your spell success rate.
   rCorr:     It protects you from acid and corrosion.
   Stlth:     It makes you more stealthy.
 I - a +4 ring of protection
 W - an amulet of magic regeneration (around neck)
Wands
 f - a wand of iceblast (17)
 g - a wand of digging (3)
 n - a wand of paralysis (4)
 z - a wand of polymorph (5)
 K - a wand of flame (8)
 R - a wand of mindburst (25)
Scrolls
 d - 3 scrolls of poison
 e - 3 scrolls of fear
 h - 2 scrolls of silence
 l - 5 scrolls of teleportation
 p - 12 scrolls of identify
 q - 4 scrolls of magic mapping
 t - 2 scrolls of blinking
Potions
 i - 3 potions of brilliance
 s - 9 potions of curing
 w - 3 potions of haste
 A - 4 potions of ambrosia
 C - 2 potions of heal wounds
 N - 2 potions of flight
 P - a potion of berserk rage
 U - 3 potions of mutation
 X - 6 potions of lignification
Miscellaneous
 j - a lightning rod (4/4)
 V - a condenser vane


   Skills:
 + Level 12.2 Fighting
 + Level 10.3 Short Blades
 + Level 10.3 Long Blades
 + Level 11.3 Axes
 + Level 10.3 Maces & Flails
 + Level 10.3 Polearms
 + Level 10.3 Staves
 + Level 10.3 Slings
 + Level 10.3 Bows
 + Level 10.3 Crossbows
 + Level 10.3 Throwing
 + Level 10.3 Armour
 + Level 11.3 Dodging
 + Level 13.8 Stealth
 + Level 10.3 Shields
 + Level 10.3 Unarmed Combat
 + Level 10.3 Spellcasting
 + Level 8.7 Conjurations
 + Level 8.7 Hexes
 + Level 8.7 Summonings
 + Level 8.7 Necromancy
 + Level 8.7 Translocations
 + Level 8.7 Transmutations
 + Level 8.7 Fire Magic
 + Level 8.7 Ice Magic
 + Level 8.7 Air Magic
 + Level 8.7 Earth Magic
 + Level 8.7 Poison Magic
 + Level 11.2 Invocations
 + Level 10.3 Evocations


You had 3 spell levels left.
You knew the following spells:

 Your Spells              Type           Power      Damage    Failure   Level
a - Wereblood             Tmut           36%        N/A       1%          2
b - Frozen Ramparts       Ice            72%        1d9       1%          3
c - Dispel Undead         Necr           36%        3d15      2%          4
d - Irradiate             Conj/Tmut      18%        3d19      6%          5
e - Stone Arrow           Conj/Erth      72%        3d11      1%          3
f - Hailstorm             Conj/Ice       36%        3d9       2%          4
g - Sticky Flame          Conj/Fire      36%        2d6       2%          4
h - Iron Shot             Conj/Erth      18%        9d4       32%         6

Your spell library contained the following spells:

 Spells                   Type           Power      Damage    Failure   Level
 Beastly Appendage        Tmut           72%        N/A       1%          1
 Freeze                   Ice            100%       1d11      1%          1
 Static Discharge         Conj/Air       36%        N/A       1%          2
 Sublimation of Blood     Necr           36%        N/A       1%          2
 Gell's Gravitas          Tloc           36%        N/A       1%          3
 Lesser Beckoning         Tloc           36%        N/A       1%          3
 Spider Form              Tmut/Pois      36%        N/A       1%          3
 Teleport Other           Tloc           36%        N/A       1%          3
 Animate Armour           Summ/Erth      72%        N/A       2%          4
 Petrify                  Tmut/Erth      36%        N/A       2%          4
 Blade Hands              Tmut           18%        N/A       6%          5
 Summon Hydra             Summ           18%        N/A       85%         7
 Lehudib's Crystal Spear  Conj/Erth      18%        10d5      100%        8
 Chain Lightning          Conj/Air       18%        3d24      100%        9
 Fire Storm               Conj/Fire      18%        8d5       100%        9
 Shatter                  Erth           18%        3d17*     100%        9


Dungeon Overview and Level Annotations

Branches:
Dungeon (12/15)            Temple (1/1) D:4            Lair (6/6) D:11
  Swamp (0/4) Lair:3        Snake (2/4) Lair:2        Slime (1/5) Lair:6
    Orc (2/2) D:11            Elf (0/3) Orc:2

Altars:
Ashenzari
Cheibriados
Dithmenos
Elyvilon
Fedhas
Gozag
Hepliaklqana
Kikubaaqudgha
Makhleb
Nemelex Xobeh
Okawaru
Qazlal
Ru
Sif Muna
Trog
Uskayaw
Vehumet
Wu Jian
Xom
Yredelemnul
Zin
The Shining One
Beogh
Jiyva

Shops:
D:3 (   D:4 (:   D:7 [   D:9 !   Orc:2 =!([*   Snake:1 =   Snake:2 ?(

Portals:
Hell: Lair:6

Annotations:
Lair:2 2 transporters, Roefeuw's ghost, journeyman OgHu
Snake:2 Nikola; Roxanne; Vashnia


Innate Abilities, Weirdness & Mutations

You have very sharp teeth.
Your uncanny sense of smell can sniff out nearby items.
Your experience applies equally to all skills.
Your body sometimes deteriorates upon taking damage.


Message History

The arrow hits you.
Vashnia the Elite Marksnaga comes into view.
She is wielding a +2 vampiric short sword and wearing a +1 barding of fire resistance.
The naga spits poison at you.
The splash of poison hits you but does no damage.
You resist.
Blink to where?
Press: ? - help, Dir - move target
Okay, then.
Okay, then.
The naga sharpshooter casts a spell.
The naga sharpshooter magically shoots a bolt.
The bolt hits you!
The naga sharpshooter spits poison at you.
The splash of poison hits you. You resist. You block the naga's attack.
The naga misses you.
The naga sharpshooter gestures wildly while chanting.
The naga sharpshooter magically shoots a bolt.
The bolt barely misses you.
Your naga spits poison at the naga sharpshooter.
The splash of poison hits the naga sharpshooter.
The naga sharpshooter shoots a bolt.
The bolt hits you!
* * * LOW HITPOINT WARNING * * *
Vashnia unwields a +2 vampiric short sword.
Vashnia wields a +3 longbow of freezing.
It is covered in frost.
Vashnia shoots an arrow.
The arrow barely misses you.
The naga sharpshooter unwields a +0 shortbow.
The naga sharpshooter wields a +0 scimitar.
The naga sharpshooter hits Nikola with a +0 scimitar!
The naga sharpshooter grabs Nikola.
The naga sharpshooter constricts Nikola.
The naga spits poison at you. You block the splash of poison.
Nikola hits the naga sharpshooter with a +3 rapier of electrocution!!
As you read the scroll of teleportation, it crumbles to dust.
You feel strangely unstable.
The naga sharpshooter shoots a bolt.
The bolt closely misses you.
Vashnia looks you over, as though planning her next attack.
Vashnia shoots an arrow.
The arrow hits you!!!
You die...
Your body crumbles into a pile of gold.

.......#... #..........
N........# . ##
#......).....
#..##.N.........)
#N.N@....# ....#
##.N......##....#
#.......N.......# ##
#.##......@....# #.##
##..N.....#.# #...
#.........# ###..
#....#....#.# ##.##.
#....#....### #.....
#.........#.# ##...#
#..........## #.#...
##....#.....##########.##@
............N..##.#..##.


You could see Vashnia, 4 naga sharpshooters, a naga (catching breath), the
friendly Nikola (poisoned) and a friendly naga (catching breath).

Vanquished Creatures
  Kirke (Lair:6)
  A rockslime (Lair:6)
  Louise (Snake:1)
  A quicksilver ooze (Slime:1)
  Azrael (Lair:2)
  A dire elephant (Lair:6)
  Josephine (D:11)
  A boulder beetle (Lair:4)
  8 hydras
  2 ogre magi (Orc:2)
  4 naga warriors
  2 anacondas (Snake:2)
  4 two-headed ogres
  A death yak (Lair:6)
  4 naga sharpshooters
  Urug (Lair:6)
  Nergalle (Orc:2)
  A wizard (Lair:6)
  3 naga ritualists
  A lindwurm (Lair:6)
  Pikel (D:4)
  4 mana vipers (Lair:2)
  An ugly thing (D:12)
  A shining eye (Slime:1)
  8 orc sorcerers
  A cyclops (D:12)
  2 salamanders
  A guardian serpent (Lair:2)
  14 black mambas
  12 elephants
  A torpor snail (Lair:5)
  4 naga magi
  2 orange demons (Lair:6)
  3 rime drakes (Lair:6)
  15 cane toads
  Psyche (D:8)
  Maggie (D:8)
  8 komodo dragons
  A hellwing (Lair:6)
  2 ice devils (Lair:6)
  A red devil (Lair:6)
  3 trolls
  A burning bush (Lair:2)
  2 hornets (D:8)
  A polar bear (Lair:6)
  A slime creature (D:12)
  21 blink frogs
  8 dream sheep
  4 wyverns
  36 yaks
  3 shadows
  6 wraiths
  8 basilisks
  2 hogs (Lair:6)
  2 fire elementals (Lair:2)
  Menkaure (D:4)
  5 wargs
  3 acid dragons
  9 nagas
  17 water moccasins
  8 hell hounds
  9 orc warriors
  3 black bears
  5 ogres
  3 centaurs
  15 wolves
  A phantom (D:4)
  Blork the orc (D:3)
  4 kobold brigands
  17 bullfrogs
  2 gnoll sergeants
  2 scorpions
  5 howler monkeys
  4 jellies
  Crazy Yiuf (D:6)
  6 orc priests
  A gnoll shaman (D:5)
  3 hounds
  29 orc wizards
  5 iguanas
  A mummy (D:6)
  20 gnolls
  8 adders
  2 ufetubi
  5 worms
  7 dart slugs
  54 orcs
  2 ball pythons (D:1)
  2 bat zombies (D:7)
  11 endoplasms
  2 giant cockroaches
  12 goblins
  6 hobgoblins
  13 jackals
  25 kobolds
  4 quokkas
  A bat (D:2)
  7 frilled lizards
  2 kobold zombies (D:6)
  2 orc zombies (D:6)
  9 rats
  2 rat zombies (D:7)
578 creatures vanquished.

Vanquished Creatures (collateral kills)
  Aizul (Snake:2)
  A naga warrior (Snake:1)
  2 naga sharpshooters (Snake:2)
  2 salamanders (Snake:2)
  A naga mage (Snake:2)
  5 black mambas (Snake:2)
  A naga (Snake:2)
  2 ogres (Orc:1)
15 creatures vanquished.

Vanquished Creatures (others)
  4 humans (Lair:6)
  A naga (Snake:2)
  An orc wizard (Orc:1)
  38 fungi
  28 plants
72 creatures vanquished.

Grand Total: 665 creatures vanquished

Notes
Turn   | Place    | Note
-------+----------+-------------------------------------------
     0 | D:5      | Reached skill level 9 in Stealth
     0 | D:5      | croobank the Gnoll Delver began the quest for the Orb.
     0 | D:5      | Reached XP level 1. HP: 23/23 MP: 1/1
    30 | D:5      | Noticed an orc wizard
    34 | D:5      | Found a sparkling altar of Nemelex Xobeh.
    34 | D:5      | Found a white marble altar of Elyvilon.
    78 | D:5      | Noticed a water moccasin
   135 | D:4      | Reached XP level 2. HP: 29/29 MP: 2/2
   541 | D:4      | Noticed a phantom
   584 | D:3      | Found a faded altar of an unknown god.
   602 | D:3      | Reached XP level 3. HP: 27/35 MP: 3/3
  1042 | D:3      | Reached skill level 1 in Invocations
  1069 | D:3      | Reached skill level 1 in Short Blades
  1069 | D:3      | Reached skill level 1 in Long Blades
  1069 | D:3      | Reached skill level 1 in Maces & Flails
  1069 | D:3      | Reached skill level 1 in Polearms
  1069 | D:3      | Reached skill level 1 in Staves
  1069 | D:3      | Reached skill level 1 in Slings
  1069 | D:3      | Reached skill level 1 in Bows
  1069 | D:3      | Reached skill level 1 in Crossbows
  1069 | D:3      | Reached skill level 1 in Throwing
  1069 | D:3      | Reached skill level 1 in Armour
  1069 | D:3      | Reached skill level 1 in Shields
  1069 | D:3      | Reached skill level 1 in Unarmed Combat
  1069 | D:3      | Reached skill level 1 in Spellcasting
  1069 | D:3      | Reached skill level 1 in Evocations
  1072 | D:3      | Reached XP level 4. HP: 19/41 MP: 5/5
  1423 | D:2      | Reached skill level 1 in Conjurations
  1423 | D:2      | Reached skill level 1 in Hexes
  1423 | D:2      | Reached skill level 1 in Summonings
  1423 | D:2      | Reached skill level 1 in Necromancy
  1423 | D:2      | Reached skill level 1 in Translocations
  1423 | D:2      | Reached skill level 1 in Transmutations
  1423 | D:2      | Reached skill level 1 in Fire Magic
  1423 | D:2      | Reached skill level 1 in Ice Magic
  1423 | D:2      | Reached skill level 1 in Air Magic
  1423 | D:2      | Reached skill level 1 in Earth Magic
  1423 | D:2      | Reached skill level 1 in Poison Magic
  1868 | D:1      | Reached XP level 5. HP: 46/47 MP: 6/6
  3524 | D:2      | Identified the +7 whip "Bolaxawn" {spect, rC+ rN+ Int+3}
  4093 | D:3      | Found Tipep's Weapon Boutique.
  4431 | D:4      | Noticed Menkaure
  4436 | D:4      | Killed a phantom
  4437 | D:4      | Reached XP level 6. HP: 53/53 MP: 8/8
  4439 | D:4      | Noticed Blork the orc
  4446 | D:4      | Reached skill level 5 in Axes
  4446 | D:4      | Reached skill level 5 in Dodging
  4737 | D:3      | Killed Blork the orc
  4752 | D:4      | Killed Menkaure
  4753 | D:4      | Reached XP level 7. HP: 33/59 MP: 10/10
  4892 | D:4      | Found a staircase to the Ecumenical Temple.
  5008 | D:4      | Found Loagobay's Book Boutique.
  5031 | Temple   | Entered the Ecumenical Temple
  5082 | Temple   | Became a worshipper of Gozag Ym Sagoz the Greedy
  5498 | D:4      | Found Pamabiah's Weapon Shop.
  5607 | D:4      | Reached skill level 10 in Stealth
  5610 | D:4      | Noticed Pikel
  5624 | D:4      | Killed Pikel
  5625 | D:4      | Reached XP level 8. HP: 50/67 MP: 10/12
  5715 | D:4      | Learned a level 2 spell: Wereblood
  6035 | D:5      | Found a hazy altar of Hepliaklqana.
  6173 | D:5      | Identified a scroll of acquirement
  6173 | D:5      | Acquired the +10 hand crossbow of Slime {vorpal, Dex+2
                  | Stlth+}
  6464 | D:6      | Reached XP level 9. HP: 54/73 MP: 14/14
  6602 | D:6      | Found an iron altar of Okawaru.
  6785 | D:6      | Found a runed translucent door.
  6786 | D:6      | Noticed Crazy Yiuf
  6794 | D:6      | Killed Crazy Yiuf
  7121 | D:7      | Learned a level 3 spell: Frozen Ramparts
  7126 | D:7      | Learned a level 4 spell: Dispel Undead
  7132 | D:7      | Learned a level 5 spell: Irradiate
  7362 | D:7      | Found Coschuq's Antique Armour Emporium.
  7639 | D:7      | Found an ancient bone altar of Kikubaaqudgha.
  7712 | D:7      | Reached skill level 5 in Invocations
  7769 | D:8      | Reached XP level 10. HP: 61/80 MP: 13/17
  7937 | D:8      | Noticed Maggie
  7954 | D:8      | Killed Maggie
  7955 | D:8      | Reached skill level 5 in Short Blades
  7955 | D:8      | Reached skill level 5 in Long Blades
  7955 | D:8      | Reached skill level 5 in Maces & Flails
  7955 | D:8      | Reached skill level 5 in Polearms
  7955 | D:8      | Reached skill level 5 in Staves
  7955 | D:8      | Reached skill level 5 in Slings
  7955 | D:8      | Reached skill level 5 in Bows
  7955 | D:8      | Reached skill level 5 in Crossbows
  7955 | D:8      | Reached skill level 5 in Throwing
  7955 | D:8      | Reached skill level 5 in Armour
  7955 | D:8      | Reached skill level 5 in Shields
  7955 | D:8      | Reached skill level 5 in Unarmed Combat
  7955 | D:8      | Reached skill level 5 in Spellcasting
  7955 | D:8      | Reached skill level 5 in Evocations
  8216 | D:8      | Learned a level 3 spell: Stone Arrow
  8564 | D:8      | Noticed Psyche
  8587 | D:8      | Killed Psyche
  8810 | D:8      | Found a snail-covered altar of Cheibriados.
  9565 | D:9      | Identified the +4 short sword of Patterns {venom, rF+ Str+2
                  | Dex+4}
  9577 | D:9      | Found a broken altar of Ashenzari.
  9637 | D:9      | Found Xiatul's Distillery.
  9645 | D:9      | Bought a potion of heal wounds for 80 gold pieces
  9727 | D:9      | Reached skill level 11 in Stealth
 10411 | D:10     | Entered Level 10 of the Dungeon
 10432 | D:10     | Noticed a two-headed ogre
 10443 | D:10     | Killed a two-headed ogre
 10467 | D:10     | Reached XP level 11. HP: 67/87 MP: 19/19
 10553 | D:10     | Identified the +8 triple sword of the Extremes {vorpal,
                  | Int+3}
 11949 | D:11     | Noticed Josephine
 11960 | D:11     | Killed Josephine
 11961 | D:11     | Reached skill level 5 in Conjurations
 11961 | D:11     | Reached skill level 5 in Hexes
 11961 | D:11     | Reached skill level 5 in Summonings
 11961 | D:11     | Reached skill level 5 in Necromancy
 11961 | D:11     | Reached skill level 5 in Translocations
 11961 | D:11     | Reached skill level 5 in Transmutations
 11961 | D:11     | Reached skill level 5 in Fire Magic
 11961 | D:11     | Reached skill level 5 in Ice Magic
 11961 | D:11     | Reached skill level 5 in Air Magic
 11961 | D:11     | Reached skill level 5 in Earth Magic
 11961 | D:11     | Reached skill level 5 in Poison Magic
 12133 | D:11     | Noticed a two-headed ogre
 12140 | D:11     | Killed a two-headed ogre
 12271 | D:11     | Found a staircase to the Orcish Mines.
 12405 | D:11     | Found a staircase to the Lair.
 12962 | D:11     | Noticed a two-headed ogre
 12969 | D:11     | Killed a two-headed ogre
 13315 | Lair:1   | Entered Level 1 of the Lair of Beasts
 14061 | Lair:1   | Reached XP level 12. HP: 96/96 MP: 22/22
 14909 | Lair:2   | Learned a level 4 spell: Hailstorm
 14914 | Lair:2   | Learned a level 4 spell: Sticky Flame
 14986 | Lair:2   | Found a staircase to the Snake Pit.
 15075 | Lair:2   | Found a transporter.
 15081 | Lair:2   | Found a bloodstained altar of Trog.
 15081 | Lair:2   | Noticed a spriggan berserker
 15215 | Lair:2   | Found a transporter.
 15215 | Lair:2   | Noticed Roefeuw's ghost (journeyman OgHu)
 15657 | Lair:3   | Noticed a seven-headed hydra
 15676 | Lair:3   | Killed a seven-headed hydra
 15686 | Lair:3   | Reached skill level 12 in Stealth
 15929 | Lair:3   | Reached skill level 10 in Fighting
 16241 | Lair:3   | Found a staircase to the Swamp.
 17072 | Lair:4   | Noticed a boulder beetle
 17094 | Lair:4   | Killed a boulder beetle
 17245 | Lair:4   | Reached XP level 13. HP: 84/103 MP: 22/24
 17245 | Lair:4   | Upgraded the game from 0.29-a0-555-g3b24f45cc1 to
                  | 0.29-a0-557-g43b9904bd1
 19728 | Lair:6   | Entered Level 6 of the Lair of Beasts
 20262 | Lair:6   | Noticed Urug
 20349 | Lair:6   | Killed Urug
 20381 | Lair:6   | Reached skill level 10 in Axes
 20381 | Lair:6   | Reached skill level 10 in Dodging
 20381 | Lair:6   | Reached XP level 14. HP: 85/113 MP: 26/26
 20673 | Lair:6   | Noticed Kirke
 20686 | Lair:6   | Killed Kirke
 20827 | Lair:6   | Reached skill level 13 in Stealth
 21282 | Lair:6   | Reached skill level 10 in Invocations
 21387 | Lair:6   | Noticed a dire elephant
 21426 | Lair:6   | Killed a dire elephant
 21593 | Lair:6   | Found a runed translucent door.
 21594 | Lair:6   | Found a viscous altar of Jiyva.
 21596 | Lair:6   | Found a staircase to the Slime Pits.
 21933 | Lair:6   | Found a burning altar of Makhleb.
 22168 | Orc:1    | Entered Level 1 of the Orcish Mines
 22634 | Orc:2    | Entered Level 2 of the Orcish Mines
 22635 | Orc:2    | Found a staircase to the Elven Halls.
 23740 | Orc:2    | Found Vuricw's General Store.
 23748 | Orc:2    | Bought a scroll of identify for 34 gold pieces
 24039 | Orc:2    | Found Lyluducu's Distillery.
 24060 | Orc:2    | Found an ancient bone altar of Kikubaaqudgha.
 24061 | Orc:2    | Noticed Nergalle
 24122 | Orc:2    | Killed Nergalle
 24164 | Orc:2    | Found Nivuw's Antique Weapon Emporium.
 24172 | Orc:2    | Paralysed by an orc sorcerer for 2 turns
 24550 | Orc:2    | Found Ramipiett's Jewellery Shoppe.
 24676 | Orc:2    | Found Tiepsux's Antique Armour Shoppe.
 24696 | Orc:2    | Found a radiant altar of Vehumet.
 25302 | Orc:2    | Bought the ring of Vanity {Wiz rCorr Stlth+} for 499 gold
                  | pieces
 25533 | Slime:1  | Entered Level 1 of the Pits of Slime
 25535 | Slime:1  | Noticed a rockslime
 25551 | Slime:1  | Noticed a quicksilver ooze
 25559 | Lair:6   | Killed a rockslime
 25854 | Slime:1  | Killed a quicksilver ooze
 25860 | Slime:1  | Noticed an acid blob
 25861 | Slime:1  | Noticed an azure jelly
 26431 | Lair:6   | Found a gateway to Hell.
 26446 | Lair:6   | Reached XP level 15. HP: 77/120 MP: 25/28
 26603 | Lair:6   | Identified the +1 ring mail "Achiotuh" {rF+++ rN++ Str-3
                  | Slay+6}
 26833 | Snake:1  | Entered Level 1 of the Snake Pit
 26948 | Lair:2   | Learned a level 6 spell: Iron Shot
 27982 | Snake:1  | Noticed Azrael
 28558 | Lair:2   | Killed Azrael
 28914 | Lair:2   | Reached skill level 10 in Short Blades
 28914 | Lair:2   | Reached skill level 10 in Long Blades
 28914 | Lair:2   | Reached skill level 10 in Maces & Flails
 28914 | Lair:2   | Reached skill level 10 in Polearms
 28914 | Lair:2   | Reached skill level 10 in Staves
 28914 | Lair:2   | Reached skill level 10 in Slings
 28914 | Lair:2   | Reached skill level 10 in Bows
 28914 | Lair:2   | Reached skill level 10 in Crossbows
 28914 | Lair:2   | Reached skill level 10 in Throwing
 28914 | Lair:2   | Reached skill level 10 in Armour
 28914 | Lair:2   | Reached skill level 10 in Shields
 28914 | Lair:2   | Reached skill level 10 in Unarmed Combat
 28914 | Lair:2   | Reached skill level 10 in Spellcasting
 28914 | Lair:2   | Reached skill level 10 in Evocations
 31841 | Snake:1  | Noticed Louise
 31859 | Snake:1  | Killed Louise
 31872 | Snake:1  | Gained mutation: Your body sometimes deteriorates upon
                  | taking damage. [mutagenic glow]
 31963 | Snake:1  | Noticed Nikola
 31967 | Snake:1  | Found Vauz Doa's Jewellery Shoppe.
 32364 | Snake:2  | Found Dac Aqa's Antique Weapon Shoppe.
 32364 | Snake:2  | Found Ymawuecan's Magic Scroll Emporium.
 32373 | Snake:2  | Noticed Aizul
 32392 | Snake:2  | Killed Aizul
 33928 | Snake:2  | Identified Roxanne's Reference Book on Earth
 33928 | Snake:2  | Noticed Roxanne
 34014 | Snake:2  | Noticed Vashnia
 34018 | Snake:2  | Shot with an arrow by Vashnia

Illustrated notes

Levels and vault maps discovered:
D:1:      kilobyte_arrival_exit_the_forest, layout_basic, minmay_3d_cube
D:2:      minmay_recursive_quarters, layout_loops_corners,
          mrwooster_statue_mirror, minmay_misc_feat_more_columns
D:3:      layout_loops_ring, serial_shops, nicolae_shop_waterfront,
          hellmonk_ecumenical_altar_lost_god, kennysheep_generic_room_11
D:4:      layout_loops_ring, minmay_temple_entry_proselytizer, serial_shops,
          nicolae_shop_bloodbath_and_beyond, shop, uniq_menkaure,
          uniq_blork_the_orc, uniq_pikel
D:5:      layout_basic, mainiacjoe_overflow_24_doors,
          gammafunk_temple_overflow_elements, minmay_misc_feat_tiny
D:6:      layout_rooms, okawaru_gym_becter, chequers_serial_rivers_small_3,
          minmay_misc_feat_chi, hangedman_abyss_or_decor_passed,
          minmay_mini_ossuary, uniq_crazy_yiuf_cottage
D:7:      layout_cave_pools, lemuel_zombie_altar_kikubaaqudgha, serial_shops,
          shop_statue
D:8:      layout_loops_corners, cheibrodos_worm_habitat, uniq_maggie,
          uniq_psyche
D:9:      layout_loops_corners, nicolae_overflow_crystal_walls, serial_shops,
          nicolae_diamond_shop, minivault_19
D:10:     layout_layer_cave
D:11:     layout_loops_cross, david_lair_generic, orc_0_dummy, uniq_josephine
D:12:     layout_roguey, vehumet_crystals, uniq_gastronok
Temple:   regret_index_temple_waves
Lair:1:   layout_cave_shapes, chequers_serial_rivers_micro_a
Lair:2:   layout_gridlike, minmay_snake_entry_spellcaster,
          gammafunk_ghost_wrathful_warriors, evilmike_ambush
          [evilmike_ambush_outer_pillars, evilmike_ambush_inner_pond]
Lair:3:   layout_cave_pods, swamp_mist
Lair:4:   layout_gridlike
Lair:5:   layout_regular_city, lemuel_fruit_tree
Lair:6:   evil_forest, layout_gridlike, slime_altar_2, uniq_urug, uniq_kirke
Snake:1:  layout_onion_interference, serial_shops, nicolae_shop_behind_doors,
          uniq_nikola, uniq_louise, uniq_azrael
Snake:2:  layout_cave_shapes, minmay_shoptagon, uniq_roxanne, uniq_vashnia,
          uniq_aizul
Slime:1:  layout_caves
Orc:1:    layout_caves, basic_altar
Orc:2:    kennysheep_orc_mage_school, layout_diamond_mine, serial_shops, shop

Skill      XL: |  1  2  3  4  5  6  7  8  9 10 11 12 13 14 15 |
---------------+----------------------------------------------+-----
Stealth        | 10 11 12 13 | 13.8
Invocations    | 1 2 3 4 5 6 7 8 9 10 11 | 11.2
Short Blades   | 1 2 3 4 5 6 7 8 9 10 | 10.3
Long Blades    | 1 2 3 4 5 6 7 8 9 10 | 10.3
Maces & Flails | 1 2 3 4 5 6 7 8 9 10 | 10.3
Polearms       | 1 2 3 4 5 6 7 8 9 10 | 10.3
Staves         | 1 2 3 4 5 6 7 8 9 10 | 10.3
Slings         | 1 2 3 4 5 6 7 8 9 10 | 10.3
Bows           | 1 2 3 4 5 6 7 8 9 10 | 10.3
Crossbows      | 1 2 3 4 5 6 7 8 9 10 | 10.3
Throwing       | 1 2 3 4 5 6 7 8 9 10 | 10.3
Armour         | 1 2 3 4 5 6 7 8 9 10 | 10.3
Shields        | 1 2 3 4 5 6 7 8 9 10 | 10.3
Unarmed Combat | 1 2 3 4 5 6 7 8 9 10 | 10.3
Spellcasting   | 1 2 3 4 5 6 7 8 9 10 | 10.3
Evocations     | 1 2 3 4 5 6 7 8 9 10 | 10.3
Conjurations   | 1 2 3 4 5 6 7 8 |  8.7
Hexes          | 1 2 3 4 5 6 7 8 |  8.7
Summonings     | 1 2 3 4 5 6 7 8 |  8.7
Necromancy     | 1 2 3 4 5 6 7 8 |  8.7
Translocations | 1 2 3 4 5 6 7 8 |  8.7
Transmutations | 1 2 3 4 5 6 7 8 |  8.7
Fire Magic     | 1 2 3 4 5 6 7 8 |  8.7
Ice Magic      | 1 2 3 4 5 6 7 8 |  8.7
Air Magic      | 1 2 3 4 5 6 7 8 |  8.7
Earth Magic    | 1 2 3 4 5 6 7 8 |  8.7
Poison Magic   | 1 2 3 4 5 6 7 8 |  8.7
Axes           | 5 6 7 8 9 10 11 | 11.3
Dodging        | 5 6 7 8 9 10 11 | 11.3
Fighting       | 7 8 9 10 11 12 | 12.2

Action                   |  1- 3 |  4- 6 |  7- 9 | 10-12 | 13-15 || total
-------------------------+-------+-------+-------+-------+-------++-------
Melee: Hand axe          |    77 |    17 |       |       |       ||    94
       Bite              |     6 |    16 |    17 |    40 |   161 ||   240
       Punch             |     1 |     2 |     5 |       |       ||     8
       Spear             |       |   156 |       |     2 |       ||   158
       Whip              |       |    39 |   124 |   225 |   849 ||  1237
       Unarmed           |       |       |       |    14 |       ||    14
       War axe           |       |       |       |    24 |       ||    24
       Short sword       |       |       |       |     7 |   104 ||   111
       Dagger            |       |       |       |       |     1 ||     1
 Fire: Hand crossbow     |       |       |    66 |   245 |    35 ||   346
Throw: Stone             |       |     1 |     3 |       |       ||     4
       Throwing net      |       |       |       |     2 |     2 ||     4
       Dart              |       |       |       |       |     3 ||     3
 Cast: Frozen Ramparts   |       |       |     1 |    37 |    53 ||    91
       Stone Arrow       |       |       |       |     6 |    65 ||    71
       Wereblood         |       |       |       |     1 |     1 ||     2
       Hailstorm         |       |       |       |       |     9 ||     9
       Irradiate         |       |       |       |       |    19 ||    19
       Iron Shot         |       |       |       |       |     2 ||     2
Invok: Potion Petition   |       |       |       |     1 |       ||     1
       Bribe Branch      |       |       |       |       |     1 ||     1
Evoke: Wand              |     3 |     1 |       |     2 |    18 ||    24
       Condenser vane    |       |       |       |       |     1 ||     1
  Use: Scroll            |     5 |     5 |    11 |     8 |    11 ||    40
       Potion            |     4 |     1 |       |     7 |     9 ||    21
 Stab: Sleeping          |       |    27 |    14 |     1 |    11 ||    53
       Distracted        |       |       |     2 |     8 |    29 ||    39
       Paralysed         |       |       |       |       |     5 ||     5
       Held in net/web   |       |       |       |       |     1 ||     1
Armor: Leather armour    |    16 |    35 |    31 |   105 |   223 ||   410
       Ring mail         |       |       |       |       |    82 ||    82
Dodge: Dodged            |    49 |    88 |    64 |   159 |   511 ||   871
Block: Buckler           |       |       |       |    61 |   235 ||   296

Table legend: (Time is in decaauts)
 A = Elapsed time spent in this place.
 B = Non-inter-level travel time spent in this place.
 C = Inter-level travel time spent in this place.
 D = Time resting spent in this place.
 E = Time spent auto-exploring this place.
 F = Levels seen in this place.
 G = Mean time per level.
                   A        B        C        D        E       F      G
               +--------+--------+--------+--------+--------+-----+--------+
         Total |  33725 |  32409 |   1316 |   8821 |  16487 |  24 | 1405.2 |
       Dungeon |  13847 |  13361 |    486 |   1653 |   8777 |  12 | 1153.9 |
        Temple |    143 |     73 |     70 |      0 |     52 |   1 |  143.0 |
          Lair |  14394 |  13895 |    499 |   5488 |   6144 |   6 | 2399.0 |
     Snake Pit |   2757 |   2751 |      6 |   1367 |    675 |   2 | 1378.5 |
    Slime Pits |     25 |     25 |      0 |      6 |      0 |   1 |   25.0 |
  Orcish Mines |   2556 |   2304 |    252 |    307 |    838 |   2 | 1278.0 |
               +--------+--------+--------+--------+--------+-----+--------+

Top non-repeatable levels by time:
  Lair:2: 5402 daAuts
  Lair:6: 3451 daAuts
   Orc:2: 2014 daAuts
 Snake:2: 1777 daAuts
    D:11: 1740 daAuts
     D:3: 1641 daAuts
    D:10: 1543 daAuts
  Lair:4: 1530 daAuts
     D:2: 1403 daAuts
  Lair:1: 1389 daAuts
  Lair:5: 1386 daAuts
     D:8: 1352 daAuts
     D:9: 1325 daAuts
     D:4: 1242 daAuts
  Lair:3: 1233 daAuts
